Cogmind - Beta 11 @@@ ROGUE MODE // 2022.05.04 @ 22:28:43 Player: Pogmind Result: Destroyed by G-67 Veteran with Plasma Rifle Performance ------------- Evolutions (4) 2000 Regions Visited (8) 1600 Robots Destroyed (185) 925 Value Destroyed (5715) 5715 Prototype IDs (29) 580 Alien Tech Used (0) 0 Bonus (286) 286 TOTAL SCORE: 11106 Bonus ------- High Alert Combat Kills 82 Follower Combat Kills 264 Friendly Fire -60 Cogmind --------- Core Integrity 0/850 Matter 267/300 Energy 496/500 System Corruption 11% Temperature Cool (12) Movement Treading (160) Location -6/Factory Parts ------- > --- POWER (1) -------- F-cell Engine > --- PROPULSION (4) --- Improved Medium Treads Compact Wheel > --- UTILITY (8) ------ Advanced Heat Sink Targeting Computer Component Analysis Suite > --- WEAPON (2) ------- Gauss Rifle Coil Gun > --- INVENTORY (5) ---- Improved Gravmag System Heavy Assault Rifle Peak State ------------ > --- POWER ------------ Deuterium Engine > --- PROPULSION ------- Aerolev Unit Aerolev Unit Aerolev Unit Combat Airjet > --- UTILITY ---------- Cooling System Huge Storage Unit Compact Battery Insulated Plating Hacking Suite Drone Bay > --- WEAPON ----------- Precision Shock Rifle Precision Shock Rifle > --- INVENTORY -------- Makeshift Power Source Compact Wheel Medium Storage Unit Active Sensor Suite Improved Propulsion Shielding Hardened Medium Armor Plating Improved Light Armor Plating Reactive Plating Graphene Brace System Shield Heavy EM Shotgun Heavy EM Shotgun Heavy EM Shotgun Heavy EM Shotgun Precision Beam Rifle Precision Beam Rifle Precision Beam Rifle Cooled Plasma Cannon Advanced EMP Blaster Missile Launcher Shock Maul [Rating: 57] Favorites ----------- Power Deuterium Engine Engine Deuterium Engine Power Core Light Nuclear Core Propulsion Light Treads Treads Light Treads Leg Carbon-fiber Leg Wheel Compact Wheel Hover Unit Aerolev Unit Flight Unit VTOL Module Utility Cooling System Device Cooling System Storage Huge Storage Unit Processor Improved Targeting Computer Hackware Hacking Suite Protection Reactive Plating Weapon Light EM Pulse Cannon Energy Gun Precision Shock Rifle Energy Cannon Light EM Pulse Cannon Ballistic Gun Coil Gun Launcher Rocket Launcher Impact Weapon Hammer Slashing Weapon Scythe Special Melee Weapon Improved Datajack Build | -11 -10 -10 -10 -9 -8 -8 -7 -6 ------- Run | Scr Mat Min Exi Min Mat Sto Fac Fac Slots Evolved 8 | . . . . . 4 . 2 2 Power . | . . . . . . . . . Propulsion 2 | . . . . . . . 2 . Utility 6 | . . . . . 4 . . 2 Weapon . | . . . . . . . . . Parts Attached 220 | 8 10 16 2 15 67 40 34 28 Power 12 | 1 1 1 . 3 3 . 1 2 Engine 9 | 1 1 . . 2 2 . 1 2 Core 3 | . . 1 . 1 1 . . . Reactor . | . . . . . . . . . Propulsion 48 | 2 . 2 . 5 18 3 9 9 Treads 22 | 2 . 1 . 4 11 1 . 3 Leg 2 | . . . . . . . 2 . Wheel 9 | . . 1 . 1 4 1 1 1 Hover 10 | . . . . . 1 1 6 2 Flight 5 | . . . . . 2 . . 3 Utility 58 | 2 3 1 1 . 18 15 11 7 Device 20 | 1 1 1 . . 3 7 2 5 Storage 9 | 1 2 . 1 . 3 1 1 . Processor 3 | . . . . . 1 . . 2 Hackware 2 | . . . . . . 1 1 . Protection 24 | . . . . . 11 6 7 . Artifact . | . . . . . . . . . Weapon 102 | 3 6 12 1 7 28 22 13 10 Energy Gun 30 | 2 . . 1 . 6 15 5 1 Energy Cannon 36 | . 4 7 . 5 13 5 2 . Ballistic Gun 10 | 1 . . . . 1 . . 8 Ballistic Cannon . | . . . . . . . . . Launcher 13 | . 2 3 . 2 4 1 1 . Special Weapon . | . . . . . . . . . Impact Weapon 8 | . . 2 . . . 1 4 1 Slashing Weapon 4 | . . . . . 3 . 1 . Piercing Weapon . | . . . . . . . . . Special Melee Weapon 1 | . . . . . 1 . . . Unidentified Prototypes 15 | . . . . . 7 6 . 2 Corrupted Parts 8 | . . . . 3 . 3 1 1 System Corruption 29 | . . . . 10 . 11 1 7 Parts Lost 47 | . . 6 . 1 9 4 14 13 Power 3 | . . 1 . . . . 2 . Propulsion 15 | . . 2 . . 3 . 5 5 Utility 13 | . . 1 . . 2 2 5 3 Weapon 16 | . . 2 . 1 4 2 2 5 Highest Loss Streak 6 | . . 3 . 1 4 2 6 5 To Critical Strikes . | . . . . . . . . . Average Slot Usage (%) 93 | . 100 98 100 99 98 91 86 39 Engine 7 | . 14 7 . 5 6 9 5 2 Core 3 | . . 6 14 8 2 . . . Treads 14 | . 28 24 14 13 14 8 . 6 Wheel 5 | . . 2 14 13 3 9 . . Hover 1 | . . . . . . . 24 1 Device 11 | . 14 13 14 14 10 11 7 13 Storage 14 | . 14 14 14 14 16 18 6 . Processor 1 | . . . . . 5 . . 2 Protection 10 | . . . . . 20 17 11 . Energy Gun 7 | . 2 . 7 2 5 17 10 . Energy Cannon 11 | . 24 23 20 25 9 . . . Naked Turns 22 | . . . . . . . 13 9 Heaviest Build 130 | 12 55 55 96 100 125 130 116 27 Greatest Support 70 | 40 40 40 16 20 40 16 36 70 Greatest Overweight (x) 11 | . 1 3 5 6 11 8 7 2 Average Overweight (x) 3 | . . 1 4 5 5 7 . . Largest Inventory Capacity 25 | 8 20 20 25 25 25 25 25 5 Average Capacity 21 | 7 16 20 23 25 25 25 12 5 Most Carried 25 | 8 20 20 24 25 25 25 24 5 Average Carried 20 | 5 14 19 22 24 24 24 11 3 Final Capacity 25 | 8 20 20 25 25 25 25 5 5 Final Carried 25 | 8 20 20 24 25 25 25 2 2 Class Distribution -------------------- 93% | Mutant 3% | Scavenger-Mutant Dominant Class ---------------- Mutant | -10/Materials Mutant | -10/Mines Mutant | -10/Exiles Mutant | -9/Mines Mutant | -8/Materials Mutant | -8/Storage Hacker-Mutant | -7/Factory Scavenger-Mutant | -6/Factory Resources | -11 -10 -10 -10 -9 -8 -8 -7 -6 ----------- Run | Scr Mat Min Exi Min Mat Sto Fac Fac Matter Collected 3164 | 280 298 253 46 141 842 365 375 564 Remotely . | . . . . . . . . . Salvage Created 8427 | 150 581 633 297 234 2262 2287 1169 814 Parts 409 | 5 43 35 9 16 117 96 52 36 Haulers Intercepted 13 | . 2 . . . 5 6 . . Recyclers Shooed 11 | . 1 . . . 4 2 1 3 Parts Field Recycled . | . . . . . . . . . Retrieved Matter . | . . . . . . . . . Parts Self-Destructed . | . . . . . . . . . Prevented . | . . . . . . . . . Kills | -11 -10 -10 -10 -9 -8 -8 -7 -6 ------- Run | Scr Mat Min Exi Min Mat Sto Fac Fac Combat Hostiles Destroyed 133 | . 13 14 . 9 37 29 16 15 Melee 5 | . . 1 . . . . 1 3 Guns 37 | . . . . . 4 19 6 8 Cannons 37 | . 6 6 . 5 18 . 2 . AOE 37 | . 6 6 . 4 13 1 4 3 Classes Destroyed 18 | 2 7 1 . 1 5 . 2 . Worker 11 | . 2 . . . 2 2 5 . Builder 2 | . 1 1 . . . . . . Tunneler 3 | 3 . . . . . . . . Hauler 13 | . 2 . . . 5 6 . . Recycler 10 | 1 . 2 . . 3 1 2 1 Operator 4 | . 1 . . . 1 1 . 1 Watcher 11 | . 2 . . . 4 2 3 . Swarmer 33 | . 6 4 . 4 10 . 2 7 Grunt 62 | . 7 8 . 4 14 17 9 3 Brawler 3 | . . . . . 1 1 1 . Duelist 2 | . . . . . . . 2 . Sentry 21 | . . . . . 8 11 1 1 Demolisher 1 | . . . . 1 . . . . Specialist 2 | . . . . . 2 . . . Hunter 3 | . . . . . 1 . . 2 Programmer 2 | . . . . . . . 1 1 Heavy 2 | . . . . . 1 . . 1 Assembled 2 | . . 2 . . . . . . Best Kill Streak 6 | 4 4 5 . 3 5 5 6 3 Combat Bots Only 5 | . 3 5 . 3 5 4 5 3 Max Kills in Single Turn 3 | 1 3 3 . 1 2 2 3 2 Gunslinging . | . . . . . . . . . Exploded 3 | . 3 3 . 1 2 1 2 2 Melee 1 | . . 1 . . . . 1 1 Uniques/NPCs Destroyed . | . . . . . . . . . Combat | -11 -10 -10 -10 -9 -8 -8 -7 -6 -------- Run | Scr Mat Min Exi Min Mat Sto Fac Fac Damage Taken 9289 | . 318 461 . 149 1942 1650 2527 2242 Core 2047 | . 43 53 . 17 226 160 692 856 Absorbed by Shields . | . . . . . . . . . Redirected to Shielding 86 | . . . . . . . 86 . Regen/Repaired (Parts) 655 | . . . . . 237 392 26 . Core Remaining (%) 46 | 100 . . . 54 . 29 1 . Volleys Fired 392 | 7 29 24 25 12 94 102 54 45 Largest 2 | 2 2 2 2 2 2 2 2 2 Hottest 112 | 90 112 112 112 112 112 110 110 108 Shots Fired 690 | 14 51 42 38 20 166 195 83 81 Gun 391 | 14 4 . 12 . 24 191 65 81 Cannon 269 | . 44 34 26 15 132 4 14 . Launcher 30 | . 3 8 . 5 10 . 4 . Special . | . . . . . . . . . Kinetic 78 | . . . . . . . . 78 Thermal 51 | 14 4 . 12 . . 4 14 3 Explosive 30 | . 3 8 . 5 10 . 4 . Electromagnetic 531 | . 44 34 26 15 156 191 65 . Robot Hit Streak 43 | 11 15 8 11 10 27 43 10 15 Robot Miss Streak 3 | 1 1 2 1 2 2 1 3 3 Penetration Max 1 | . . . . . . . . 1 Secondary Targets 2 | . . . . . . . . 2 Max Gunslinging Chain 1 | . . . . . . . . 1 Shots Hit Robots 562 | 11 37 28 33 10 129 164 77 73 Core Hits 286 | 5 21 20 12 10 79 57 46 36 Critical Kills 4 | . . . . . . . . 4 Critical Parts Destroyed 5 | . . 2 . . . . 1 2 Critical Strikes 25 | 2 2 2 1 . 3 4 5 6 Burn 4 | 2 1 . 1 . . . . . Destroy 3 | . . . . . . . . 3 Corrupt 9 | . 1 . . . 3 4 1 . Smash 6 | . . 2 . . . . 1 3 Sever 3 | . . . . . . . 3 . Melee Attacks 74 | . . 37 . . 4 . 16 17 Impact 61 | . . 37 . . . . 7 17 Slashing 13 | . . . . . 4 . 9 . Piercing . | . . . . . . . . . Sneak Attacks . | . . . . . . . . . Combat Hostiles . | . . . . . . . . . Follow-up Attacks . | . . . . . . . . . Damage Inflicted 16604 | 132 1300 1153 569 747 3953 3532 3018 2200 Guns 6708 | 132 44 . 244 . 453 3367 1131 1337 Cannons 4483 | . 792 494 235 213 2309 . 440 . Explosions 4197 | . 464 561 90 534 1160 153 955 280 Melee 1204 | . . 98 . . 31 . 492 583 Ramming 12 | . . . . . . 12 . . Kinetic 1302 | . . . . . . . . 1302 Thermal 2006 | 132 71 51 334 . 506 153 668 91 Explosive 2862 | . 437 510 . 534 654 . 727 . Electromagnetic 9218 | . 792 494 235 213 2762 3367 1131 224 Impact 923 | . . 98 . . . . 242 583 Slashing 281 | . . . . . 31 . 250 . Piercing . | . . . . . . . . . Highest Corruption 11 | . 1 1 1 11 . 11 9 11 Average Corruption 2 | . 1 1 1 1 . 9 3 9 Corruption Purged . | . . . . . . . . . Corruption Blocked . | . . . . . . . . . Effects 77 | . 4 15 10 9 . . 8 31 Message Errors 16 | . 1 3 1 3 . . 1 7 Matter Fused 19 | . 2 4 3 1 . . 3 6 Heat Flow Errors 6 | . . 2 . 2 . . 1 1 Energy Discharges 12 | . 1 2 2 1 . . 1 5 Parts Rejected 2 | . . . . . . . 1 1 Data Loss (minor) 12 | . . 2 3 1 . . . 6 Data Loss (major) 2 | . . . 1 . . . . 1 Misfires 3 | . . 2 . 1 . . . . Alerts 1 | . . . . . . . . 1 Misdirections 1 | . . . . . . . . 1 Weapon Failures 3 | . . . . . . . 1 2 Overload Shots 4 | . . . . . . 2 2 . Effects 1 | . . . . . . 1 . . Short Circuit 1 | . . . . . . 1 . . Overflow Damage 559 | . 21 75 . 15 67 . 172 209 Projectiles 82 | . . . . . 37 . 45 . Explosions 105 | . 21 24 . 15 30 . 15 . Melee 372 | . . 51 . . . . 112 209 Knockbacks 5 | . . . . . . . 3 2 Impact 4 | . . . . . . . 2 2 Kinetic . | . . . . . . . . . Secondary 1 | . . . . . . . 1 . Self-Inflicted Damage 612 | . 35 46 . . 184 119 82 146 Shots 20 | . 1 2 . . 6 3 3 5 Rammed 1 | . . . . . . 1 . . Targets Rammed 1 | . . . . . . 1 . . Kicked . | . . . . . . . . . Crushed . | . . . . . . . . . Highest Temperature 205 | 180 60 205 . 93 81 183 162 64 Average Temperature 38 | 81 15 57 . 34 15 46 26 25 Received Heat Transfer 2796 | . 117 201 . 51 648 783 738 258 Siege Activations . | . . . . . . . . . Robots Corrupted 20 | . 1 . . . 4 12 3 . Combat Hostiles 15 | . 1 . . . 2 9 3 . Parts Fried 79 | . 9 . 1 1 20 38 8 2 Impact Corruptions 15 | . . 2 . . . . 4 9 Robots Melted . | . . . . . . . . . Combat Hostiles . | . . . . . . . . . Parts Melted 3 | 3 . . . . . . . . Heat Transferred 2969 | 495 248 100 531 . 600 100 770 125 Parts Sabotaged . | . . . . . . . . . Parts Stolen . | . . . . . . . . . Parts Stripped . | . . . . . . . . . Power Chain Reactions 18 | . 1 1 1 . 6 4 4 1 Missiles Intercepted . | . . . . . . . . . Alert | -11 -10 -10 -10 -9 -8 -8 -7 -6 ------- Run | Scr Mat Min Exi Min Mat Sto Fac Fac Peak Influence 504 | 20 371 271 . 299 373 470 369 504 Initial 163 | . 13 . . . 72 142 73 163 Average 188 | 8 87 110 . 109 216 244 140 320 Maximum Alert Level 2 | . 1 1 . 1 1 2 1 2 Low Security (%) 51 | 100 79 79 . 74 41 33 72 17 Level 1 45 | . 20 20 . 25 58 58 27 64 Level 2 2 | . . . . . . 7 . 17 Level 3 . | . . . . . . . . . Level 4 . | . . . . . . . . . Level 5 . | . . . . . . . . . High Security . | . . . . . . . . . Max Security . | . . . . . . . . . Squads Dispatched 26 | . 2 1 . 1 4 3 8 7 Investigation 8 | . 1 1 . 1 1 1 2 1 Extermination 3 | . . . . . . . 1 2 Reinforcement 7 | . 1 . . . 2 1 2 1 Assault 1 | . . . . . . . 1 . Garrison 7 | . . . . . 1 1 2 3 Intercept . | . . . . . . . . . Searches Triggered . | . . . . . . . . . Construction Impeded 2 | . . . . . . . 2 . Haulers Reinforced . | . . . . . . . . . Active Scanning Responses . | . . . . . . . . . Cargo Convoy Interrupts . | . . . . . . . . . Stealth | -11 -10 -10 -10 -9 -8 -8 -7 -6 --------- Run | Scr Mat Min Exi Min Mat Sto Fac Fac Distress Signals 13 | . . 1 . . 4 4 3 1 Communications Jammed . | . . . . . . . . . Distress Signals . | . . . . . . . . . Times Spotted 210 | . 21 21 . 11 61 36 40 20 Peak Tracking Total 9 | . 4 5 . 3 5 5 9 4 Tactical Retreats 22 | . 1 6 . 2 2 3 7 1 Traps | -11 -10 -10 -10 -9 -8 -8 -7 -6 ------- Run | Scr Mat Min Exi Min Mat Sto Fac Fac Traps Triggered 6 | . 2 . . . . 2 1 1 Indirectly . | . . . . . . . . . Trap Hack Attempts . | . . . . . . . . . Triggered . | . . . . . . . . . Disarmed 1 | . . . . . 1 . . . Reprogrammed . | . . . . . . . . . Reused . | . . . . . . . . . Traps Extracted . | . . . . . . . . . Installed . | . . . . . . . . . Triggered . | . . . . . . . . . Machines | -11 -10 -10 -10 -9 -8 -8 -7 -6 ---------- Run | Scr Mat Min Exi Min Mat Sto Fac Fac Machines Disabled 26 | . 3 1 . 2 4 5 2 9 Max in Single Turn 4 | . 2 1 . 2 2 1 1 4 Garrison Access 3 | . . . . . 1 1 1 . Machines Sabotaged . | . . . . . . . . . Garrisons Compromised . | . . . . . . . . . Overloaded Fab Kills . | . . . . . . . . . Hacking | -11 -10 -10 -10 -9 -8 -8 -7 -6 --------- Run | Scr Mat Min Exi Min Mat Sto Fac Fac Machines Accessed 57 | . 7 1 4 1 18 16 8 2 Terminals 36 | . 7 . . 1 12 11 3 2 Fabricators . | . . . . . . . . . Repair Stations 4 | . . . . . 1 2 1 . Recycling Units 5 | . . . . . 2 2 1 . Scanalyzers 4 | . . . . . 2 . 2 . Garrison Access 3 | . . . . . 1 1 1 . Total Hacks 208 | . 27 1 49 3 57 39 27 5 Successful 136 | . 17 1 49 1 30 25 12 1 Failed 70 | . 9 . . 2 26 14 15 4 Catastrophic 8 | . . . . . 1 2 3 2 Database Lockouts 2 | . 1 . . . 1 . . . Manual 80 | . 13 . 10 . 27 19 11 . Terminals 118 | . 27 . . 3 41 28 14 5 Fabricators . | . . . . . . . . . Repair Stations 11 | . . . . . 3 6 2 . Recycling Units 14 | . . . . . 7 4 3 . Scanalyzers 12 | . . . . . 5 . 7 . Garrison Access 3 | . . . . . 1 1 1 . Terminal Hacks 98 | . 15 1 49 1 14 13 4 1 Record 49 | . . . 49 . . . . . Robot Analysis 7 | . 2 . . . 1 3 . 1 Prototype ID Bank 7 | . 1 . . . 3 3 . . Open Door 5 | . . 1 . . . 4 . . Level Access Points 1 | . 1 . . . . . . . Branch Access Points 3 | . 1 . . . 1 . 1 . Alert Level 2 | . 1 . . . 1 . . . Unreport Threat 10 | . 2 . . . 4 2 2 . Locate Traps 5 | . 2 . . . 2 . 1 . Disarm Traps 1 | . . . . . 1 . . . Security Status 1 | . 1 . . . . . . . Hauler Manifests 3 | . 1 . . . 1 1 . . Registered Components 1 | . 1 . . . . . . . Zone Layout 3 | . 2 . . 1 . . . . Fabricator Hacks . | . . . . . . . . . Repair Station Hacks 7 | . . . . . 2 3 2 . Scan Component 4 | . . . . . 1 2 1 . Repair 3 | . . . . . 1 1 1 . Recycling Unit Hacks 3 | . . . . . 1 1 1 . Report Inventory 1 | . . . . . 1 . . . Retrieve Components 2 | . . . . . . 1 1 . Scanalyzer 2 | . . . . . 1 . 1 . Insert Component 2 | . . . . . 1 . 1 . Garrison Access Hacks 2 | . . . . . 1 1 . . Seal Access 2 | . . . . . 1 1 . . Unauthorized Hacks 24 | . 2 . . . 11 7 4 . Terminals 15 | . 2 . . . 7 4 2 . Botnet 11 | . 2 . . . 5 3 1 . Disrupt 1 | . . . . . 1 . . . Operators 3 | . . . . . 1 1 1 . Fabricators . | . . . . . . . . . Repair Stations . | . . . . . . . . . Recycling Units 9 | . . . . . 4 3 2 . Monitor 1 | . . . . . 1 . . . Reject 4 | . . . . . 1 2 1 . Recyclers 1 | . . . . . 1 . . . Mask 3 | . . . . . 1 1 1 . Scanalyzers . | . . . . . . . . . Garrison Access . | . . . . . . . . . Data Cores Recovered 2 | . . . . . 1 . . 1 Used 1 | . . . . . . . . 1 Hacking Detections 46 | . 6 . . 1 17 13 7 2 Full Trace Events 6 | . 1 . . 1 1 1 1 1 Feedback Events . | . . . . . . . . . Feedback Blocked . | . . . . . . . . . Robot Schematics Acquired . | . . . . . . . . . Robots Built . | . . . . . . . . . Authchips . | . . . . . . . . . Time . | . . . . . . . . . Total Robot Build Rating . | . . . . . . . . . Part Schematics Acquired . | . . . . . . . . . Parts Built . | . . . . . . . . . Authchips . | . . . . . . . . . Time . | . . . . . . . . . Total Part Build Rating . | . . . . . . . . . Parts Repaired 3 | . . . . . 1 1 1 . Time 118 | . . . . . 44 44 30 . Parts Recycled . | . . . . . . . . . Recycled Matter . | . . . . . . . . . Retrieved Matter . | . . . . . . . . . Retrieved Components 12 | . . . . . . 2 10 . Parts Scanalyzed 1 | . . . . . . . 1 . Part Schematics Acquired . | . . . . . . . . . Parts Damaged . | . . . . . . . . . Bothacking | -11 -10 -10 -10 -9 -8 -8 -7 -6 ------------ Run | Scr Mat Min Exi Min Mat Sto Fac Fac Used RIF Installer . | . . . . . . . . . Robots Hacked . | . . . . . . . . . Non-combat . | . . . . . . . . . Combat . | . . . . . . . . . Robot Hacks Applied . | . . . . . . . . . Relay Couplers Released 3 | . . . . . 2 . 1 . Machine Destruction 3 | . . . . . 2 . 1 . Fabnet Peak Effective % . | . . . . . . . . . Robots Rewired . | . . . . . . . . . Allies Hacked . | . . . . . . . . . Hacks Repelled . | . . . . . . . . . Allies | -11 -10 -10 -10 -9 -8 -8 -7 -6 -------- Run | Scr Mat Min Exi Min Mat Sto Fac Fac Total Allies 7 | . . 3 . 4 . . . . Largest Group 3 | . . 2 1 3 3 . . . Highest-Rated Group 41 | . . 41 31 40 40 . . . Highest-Rated Ally 31 | . . 31 31 31 16 . . . Total Orders 14 | . . . . . . 6 8 . ROAM 3 | . . . . . . 3 . . EXPLORE 10 | . . . . . . 2 8 . RETURN 1 | . . . . . . 1 . . Ally Attacks 71 | . . 17 . 11 43 . . . Total Damage 765 | . . 213 . 92 460 . . . Kills 15 | . . 6 . 5 4 . . . Allies Corrupted 2 | . . . . . . . 2 . Allies Melted 1 | . . . . . 1 . . . Intel | -11 -10 -10 -10 -9 -8 -8 -7 -6 ------- Run | Scr Mat Min Exi Min Mat Sto Fac Fac Robot Analysis Total 7 | . 2 . . . 1 3 . 1 Derelict Logs Recovered 2 | . . 1 . 1 . . . . Drone Launches 33 | . . . . . . 22 11 . Drone Recoveries 17 | . . . . . . 8 9 . Exploration | -11 -10 -10 -10 -9 -8 -8 -7 -6 ------------- Run | Scr Mat Min Exi Min Mat Sto Fac Fac Turns Passed 19472 | 141 2313 1910 1615 1240 5926 4467 856 1004 Spaces Moved 8606 | 65 998 762 902 618 1951 1765 715 830 Core 217 | 3 . . . . . . 56 158 Treads 2746 | 62 998 541 . 1 901 . . 243 Legs 29 | . . . . . . . 29 . Wheels 4578 | . . 221 902 617 1050 1765 23 . Hover 684 | . . . . . . . 607 77 Flight 352 | . . . . . . . . 352 Fastest Speed 32 | 50 160 145 145 175 205 205 45 32 Average Speed 191 | 154 210 212 166 180 271 205 60 88 Slowest Speed 480 | 160 240 240 175 480 405 220 250 160 Overloaded Moves . | . . . . . . . . . Propulsion Burnouts . | . . . . . . . . . Robots Hopped . | . . . . . . . . . Cave-ins Triggered . | . . . . . . . . . Exploration Rate (%) 70 | 4 99 99 93 99 98 97 30 13 Regions Visited 8 Branch Regions 4 Pre-discovered Areas 2 | . . 1 1 . . . . . Known Exits Taken 4 | . 1 . . . 1 1 1 . Unknown Exits Taken 4 | 1 . 1 1 1 . . . . Scrap Searched 5 | . . 2 . 3 . . . . Spaces Dug 4 | . . . . . 2 . 1 1 Terrain Destroyed 322 | . 15 64 5 60 115 22 30 11 Melee 4 | . . . . . 2 . 1 1 Projectile 10 | . . . . . . . 3 7 AOE 308 | . 15 64 5 60 113 22 26 3 Terrain Rammed . | . . . . . . . . . Walls Destroyed . | . . . . . . . . . Machines Disabled . | . . . . . . . . . Actions | -11 -10 -10 -10 -9 -8 -8 -7 -6 --------- Run | Scr Mat Min Exi Min Mat Sto Fac Fac Total 10729 | 87 1167 946 979 719 2414 2413 1022 982 Wait 1170 | . 94 93 47 63 198 446 179 50 Move 8598 | 64 997 761 901 617 1950 1764 714 830 Hop . | . . . . . . . . . Pick Up 110 | 8 22 10 4 6 37 14 3 6 Fast Attach 85 | 7 3 1 . 3 24 19 7 21 Attach 53 | . . 6 . 1 18 7 14 7 Detach 13 | . . . . 1 7 2 1 2 Swap 82 | 1 7 9 2 11 25 14 13 . Drop 133 | . 15 5 . 5 57 26 21 4 Fire 392 | 7 29 24 25 12 94 102 54 45 Melee 74 | . . 37 . . 4 . 16 17 Ram 1 | . . . . . . 1 . . Kick . | . . . . . . . . . Crush . | . . . . . . . . . Escape Stasis 8 | . . . . . . 8 . . Rewire . | . . . . . . . . . Trap . | . . . . . . . . . Miscellaneous 10 | . . . . . . 10 . . Route ------- -11/Scrapyard -10/Materials (discovered 5 exits: *Mat x3 / *Min x2) -10/Mines (discovered 3 exits: *Mat x2 / *Exi) -10/Exiles (discovered 2 exits: *Min x2) -9/Mines (discovered 2 exits: *Mat x2) -8/Materials (discovered 5 exits: *Fac x3 / *Sto x2) -8/Storage (discovered 2 exits: *Fac / [*Rec]) -7/Factory (discovered 3 exits: *Fac / Low x2) -6/Factory History --------- Turn | Location | Event 15 | -11/Scrapyard | Discovered new exit (range 15) 142 | -11/Scrapyard | Entered Materials 142 | -10/Materials | Discovered new exit (range 7) 286 | -10/Materials | Identified exit to Mines 311 | -10/Materials | Build established: Mutant 499 | -10/Materials | Discovered new exit (range 5) 1269 | -10/Materials | Discovered new exit (range 16) 1269 | -10/Materials | Central database locked down 1834 | -10/Materials | Discovered new exit (range 16) 1897 | -10/Materials | Identified exit to Materials 2455 | -10/Materials | Entered Mines 2505 | -10/Mines | Escorted by a lone wolf Derelict 2776 | -10/Mines | Deemed a non-threat by the Exiles lab entrance 2776 | -10/Mines | Discovered new exit (range 5) 3032 | -10/Mines | Discovered exit to Materials (range 7) 3489 | -10/Mines | Lost 3 parts (1p1u1w) 3512 | -10/Mines | Excavation squad dispatched 3512 | -10/Mines | A large section of the Mines collapsed 4099 | -10/Mines | Met a Derelict shopkeep closing up shop 4175 | -10/Mines | Discovered exit to Materials (range 4) 4365 | -10/Mines | Entered Exiles 4365 | -10/Exiles | Found Exiles lab destroyed 4365 | -10/Exiles | Accompanied by 1 ally 4390 | -10/Exiles | Discovered new exit (range 14) 4395 | -10/Exiles | Led the pair of lost Derelicts to a safe place 4641 | -10/Exiles | Learned location of Zion (-6) 5522 | -10/Exiles | Discovered new exit (range 11) 5980 | -10/Exiles | Entered Mines 6018 | -9/Mines | Assembled infested the area 6076 | -9/Mines | Received a Mining Laser from a helpful Derelict 6291 | -9/Mines | Discovered new exit (range 6) 6303 | -9/Mines | Received a Rocket Launcher from a helpful Derelict 6377 | -9/Mines | Discovered new exit (range 4) 6548 | -9/Mines | Assisted by bots powering up and referring to "LRC-V3" 6791 | -9/Mines | Learned location of 1 exit from Materials 7200 | -9/Mines | System corruption reached 10% 7220 | -9/Mines | Entered Materials 7220 | -8/Materials | Accompanied by 3 allies 7220 | -8/Materials | Evolved 4 slots: Utility x4 7221 | -8/Materials | Identified exit to Factory 7255 | -8/Materials | Garrison activated, responded to threat 8191 | -8/Materials | Central database locked down 8414 | -8/Materials | Discovered new exit (range 3) 8463 | -8/Materials | Identified exit to Storage 8914 | -8/Materials | Discovered exit to Factory (range 4) 9306 | -8/Materials | Discovered exit to Factory (range 4) 9996 | -8/Materials | Lost 4 parts (2n2w) 10907 | -8/Materials | Found Corrupted Prototype Device 11427 | -8/Materials | Identified Active Sensor Suite 12496 | -8/Materials | Repaired Hrd. Heavy Armor Plating 13146 | -8/Materials | Entered Storage 13474 | -8/Storage | Garrison activated, responded to threat 13792 | -8/Storage | Core integrity fell below 50% 14082 | -8/Storage | Discovered exit to Factory (range 15) 14464 | -8/Storage | Repaired Hrd. Heavy Armor Plating 15148 | -8/Storage | Discovered new exit (range 3) 17611 | -8/Storage | System corruption reached 10% 17613 | -8/Storage | Entered Factory 17613 | -7/Factory | Accompanied by 14 allies 17613 | -7/Factory | Evolved 2 slots: Propulsion x2 17675 | -7/Factory | Discovered new exit (range 55) 17831 | -7/Factory | Identified exit to Lower Caves 17944 | -7/Factory | Repaired Hvy. EM Shotgun? 18063 | -7/Factory | Build established: Hacker-Mutant 18205 | -7/Factory | Garrison activated, responded to threat 18379 | -7/Factory | Lost 6 parts (1p1n3u1w) 18413 | -7/Factory | Core integrity fell below 50% 18455 | -7/Factory | Core integrity fell below 20% 18469 | -7/Factory | Identified exit to Factory 18469 | -7/Factory | Entered another Factory area 18469 | -6/Factory | Evolved 2 slots: Utility x2 18486 | -6/Factory | Lost 6 parts (4n1u1w) 18522 | -6/Factory | Found Prototype Processor 18522 | -6/Factory | Identified Exp. Targeting Computer 18602 | -6/Factory | Build established: Mutant 18822 | -6/Factory | System corruption reached 10% 18880 | -6/Factory | Lost 4 parts (2n1u1w) 18894 | -6/Factory | Core integrity fell below 50% 18941 | -6/Factory | Garrison activated, responded to threat 18983 | -6/Factory | Core integrity fell below 20% 19256 | -6/Factory | Build established: Scavenger-Mutant 19463 | -6/Factory | Lost 5 parts (1n2u2w) 19473 | -6/Factory | Destroyed by G-67 Veteran with Plasma Rifle Last Messages --------------- 19457_ Slug penetrates R-10 Processor. 19457_ Slug penetrates Wall. 19458_ K-01 Serf collects debris. 19459_ Slug penetrates R-10 Processor. 19461_ Slug penetrates K-01 Serf. 19461_ R-10 Processor collects Active Sensor Suite. 19462_ K-01 Serf collects debris. 19463_ R-10 Processor collects Hrd. Heavy Armor Plating. 19463_ Acquired 125 matter. 19464_ Slug penetrates Earth. 19465_ Acquired 4 matter. 19466_ K-01 Serf collects debris. 19467_ Acquired 1 matter. 19467_ Slug penetrates R-10 Processor. 19467_ Destroyed Imp. Sensor Array. 19469_ ALERT: Rogue bot located, Programmers report to Factory Zone 5F. 19470_ K-01 Serf collects debris. 19470_ Slug penetrates W-25 Informer. 19473_ K-01 Serf collects debris. 19473_ Slug penetrates Wall. Map ----- +----------------------------------------------------+ | #???######??######???????????????????????????? | | #???????????# #???????????????????????????? | | #???????????#= #???????????????????????????? | | #???????????# #???????????????????????????? | | ############# #???????????????????????????? | | # #???????????????????????????? | | + #???????????????????????????? | | % # #???????????????????????????? | | # #???????????????????????????? | | ############### # #???? ??????????????????????? | | #?????????# ######????+??????????????????????? | | #?????????# #????????? #?????????????????????? | | #?????????# #????????? #?????????????????????? | | #????######+#######??? ######## ?????????????? | | #????# ! #??? ?????????????? | | #????# #??? ?????????????? | | #????# ####R ?????????????? | | #????# # ??????????????? | | #####????# # """ """?????????????? | | ?????????# # """ """ ?????????? | | ?????????# ! + """ """ ?????????? | | ?????????# # #????????? | | ?????????# # %% ?????????? | | ?????????# #%% #######????????????? | | ?????????# ! ###w ###??????????????????? | | ?????????# #?#@% #????????????????????? | | ?????????###############u%k #????????????????????? | | ??????????????????????# # !%#????????????????????? | | ?????????????????????# ## #????????????????????? | | ?????????????????????##? ????????????????????? | | ???????????????????????? #???????????????????? | | ??????????????????????? #???????????????????? | | ???????????????????????# #???????????????????? | | ???????????????????????# #???????????????????? | | ???????????????????????###/###???????????????????? | | ??????????????????????????g ?????????????????????? | | ?????????????????????????? ?????????????????????? | | ?????????????????????????? ?????????????????????? | | ?????????????????????????? ?????????????????????? | | ?????????????????????????? ?????????????????????? | | ?????????????????????????? ?????????????????????? | | ?????????????????????????????????????????????????? | | ?????????????????????????????????????????????????? | | ?????????????????????????????????????????????????? | | ?????????????????????????????????????????????????? | | ?????????????????????????????????????????????????? | | ?????????????????????????????????????????????????? | | ?????????????????????????????????????????????????? | | ?????????????????????????????????????????????????? | | ?????????????????????????????????????????????????? | +----------------------------------------------------+ Best States ------------- Heat Dissipation 81 Energy Generation 19 Energy Capacity 500 Matter Stores 300 Matter Capacity 300 Sight Range 16 Robot Scan Range 20 Terrain Scan Density 10 Armor Coverage 750 Resistance: KI 20 Resistance: EM 15 Propulsion Shielding 66 Phase Shifting 5 Evasion (%) 63 Targeting Accuracy 6 Recoil Reduction 3 Offensive Hacking 10 Defensive Hacking 10 Item Schematics ----------------- None Robot Schematics ------------------ None Fabricated ------------ Nothing Alien Tech Used ----------------- None Achievements -------------- None Challenges ------------ None Game ------ Seed AlloyStoragePod Manual? 0 Play Time 04:05:15 Cumulative 382.7 hours Start 2022.04.27 @ 22:00:33 End 2022.05.04 @ 22:28:43 Sessions 9 Manual Loads 0 Difficulty Rogue Special Mode None Game No. 23 Rogue 18 Adventurer 5 Explorer 0 Win Type - Total 17 Types 4/4/2/0/3/1/2/0/1 Lore% 71 Gallery% 83 Achievement% 77 Wizard Run 0 Options --------- ASCII 0 Keyboard 0 Movement Arrows Keybinds 0 Fullscreen 1 Font 16/SmallcapsGlow Map View 76x50 Tactical HUD 1 Map Filters NONE Filters NONE Steam 1 RUN: 50214329-1583-4cf4-9438-09bf195d91ca